 Dungeon Crawl Stone Soup version 0.30-a0-883-g5ad918d77d (webtiles) character file.

Game seed: 6136292785975627234

473 Strat the Basher (level 7, 0/49 (55) HPs)
             Began as a Meteoran Gladiator on Mar 17, 2023.
             Slain by a wight
             ... wielding a +2 war axe
              (11 damage)
             ... on level 4 of the Dungeon.
             The game lasted 00:07:03 (1157 turns).

Strat the Basher (Meteoran Gladiator)               Turns: 1157, Time: 00:07:03

HP:   0/49 (55)     AC:  2    Str: 17    XL:     7   Next: 58%
MP:   17/17         EV: 12    Int: 12    God:
Gold: 125           SH:  0    Dex: 17    Spells: 6/6 levels left

rFire   . . .      SeeInvis .    a - +0 flail
rCold   . . .      Faith    .    (no shield)
rNeg    . . .      Spirit   .    r - +3 ring mail of Moral Flaws {rPois Will+ MP+9 Int+3}
rPois   +          Reflect  .    c - +0 helmet
rElec   .          Rampage  .    (no cloak)
rCorr   .                        (no gloves)
Will    +....                    (no boots)
Stlth   +                        m - amulet of regeneration
HPRegen 1.08/turn                (no ring)
MPRegen 0.15/turn                (no ring)

@: corroded, glowing, heavily drained
A: sense surroundings 1, otherworldly, glowing, explore regen
a: no special abilities


You were on level 4 of the Dungeon.
You visited 1 branch of the dungeon, and saw 5 of its levels.

You collected 125 gold pieces.

Inventory:

Hand Weapons
 a - a +0 flail (weapon)
 l - a +0 whip of venom
Missiles
 d - 16 poisoned darts (quivered)
 e - a javelin
 g - a throwing net
Armour
 b - a +0 leather armour
 c - a +0 helmet (worn)
 r - the +3 ring mail of Moral Flaws (worn) {rPois Will+ MP+9 Int+3}
   (You found it on level 3 of the Dungeon)

   Int:       It affects your intelligence (+3).
   rPois:     It protects you from poison.
   MP:        It affects your magic capacity (+9).
   Will:      It increases your willpower.
Jewellery
 m - an amulet of regeneration (around neck)
 u - an amulet of faith
Scrolls
 f - a scroll of poison
 h - a scroll of immolation
 n - a scroll of noise {unknown}
 o - a scroll of amnesia {unknown}
 p - a scroll of fear {unknown}
 q - 2 scrolls of teleportation {unknown}
 s - a scroll of enchant weapon {unknown}
Potions
 i - a potion of haste {unknown}
 k - a potion of mutation
 t - 2 potions of degeneration
 v - a potion of curing


   Skills:
 - Level 2.1 Fighting
 + Level 8.5 Maces & Flails
 - Level 2.4 Throwing
 - Level 5.0 Armour
 - Level 3.6 Dodging


You had 6 spell levels left.
You didn't know any spells.
Your spell library contained the following spells:

 Spells                   Type           Power      Damage    Failure   Level
 Foxfire                  Conj/Fire      0%         2x1d4     50%         1
 Dispel Undead            Necr           0%         3d6       99%         4
 Death Channel            Necr           0%         N/A       100%        6


Dungeon Overview and Level Annotations

Branches:
Dungeon (5/15) Zot: 1827
 Temple: D:4-7

Altars:

Annotations:
D:5 Menkaure


Innate Abilities, Weirdness & Mutations

You passively map a small area around you.
You are easily found by Zot.
You glow in the dark.
You regain HP and MP as you explore.


Message History

The adder poisons you! The wight hits you with a +2 war axe!
* * * LOW HITPOINT WARNING * * *
You feel drained.
* * * LOW HITPOINT WARNING * * *
The adder closely misses you.
You feel sick.
You feel sick. The adder attacks as you move away!
The adder bites you but does no damage.
You feel sick. The adder bites you.
* * * LOW HITPOINT WARNING * * *
The wight attacks as you move away! The wight hits you with a +2 war axe.
* * * LOW HITPOINT WARNING * * *
You feel drained.
You feel sick. The wight attacks as you move away!
The wight hits you with a +2 war axe!
* * * LOW HITPOINT WARNING * * *
You feel sick. The wight attacks as you move away!
The wight closely misses you.
You feel sick.
You are no longer poisoned.
The wight attacks as you move away! The wight hits you with a +2 war axe.
* * * LOW HITPOINT WARNING * * *
You feel drained.
* * * LOW HITPOINT WARNING * * *
There is an escape hatch in the ceiling here.
The wight hits you with a +2 war axe!
* * * LOW HITPOINT WARNING * * *
You feel drained.
* * * LOW HITPOINT WARNING * * *
A mysterious force pulls you upwards. The hatch slams shut behind you.
You barely miss the wight. The wight misses you.
You barely miss the wight. The wight hits you with a +2 war axe!
* * * LOW HITPOINT WARNING * * *
You hit the wight but do no damage. The wight barely misses you.
You hit the wight but do no damage. You punch the wight, but do no damage.
The wight misses you.
You closely miss the wight. The wight barely misses you.
You hit the wight.
The wight is lightly damaged.
The wight hits you with a +2 war axe!
You die...

#..## ########.##
#......))#####
#.......>'....
#........#.###
#........#.##
#........#..#
#####...........##
**#@...........##...
#...z..........##.##
#.........####......
#.........# #.....#
#.........# #.#....
#.........# #.#....
#.........# #......
##############......
#..........


You could see a wight.

Vanquished Creatures
  Duvessa (D:4)
  A phantom (D:5)
  A scorpion (D:4)
  A wight (D:4)
  Dowan (D:4)
  A hound (D:5)
  A jelly (D:5)
  3 adders
  2 dart slugs
  A ball python (D:4)
  4 endoplasms
  5 hobgoblins
  6 jackals
  2 quokkas
  3 bats
  A frilled lizard (D:1)
  3 goblins
  4 kobolds
  4 rats (D:1)
45 creatures vanquished.

Notes
Turn   | Place    | Note
-------+----------+-------------------------------------------
     0 | D:1      | Strat the Meteoran Gladiator began the quest for the Orb.
     0 | D:1      | Reached XP level 1. HP: 17/17 MP: 2/2
   134 | D:1      | Reached XP level 2. HP: 21/24 MP: 3/3
   226 | D:1      | Reached skill level 5 in Maces & Flails
   250 | D:1      | Got the Guidebook on Scorched Blasphemous Rites
   285 | D:1      | Reached XP level 3. HP: 28/29 MP: 4/4
   567 | D:4      | Noticed Duvessa
   567 | D:4      | Noticed Dowan
   627 | D:3      | Identified the +3 ring mail of Moral Flaws {rPois Will+
                  | MP+9 Int+3}
   630 | D:3      | Reached XP level 4. HP: 36/36 MP: 5/5
   817 | D:4      | Reached skill level 6 in Maces & Flails
   842 | D:5      | Entered Level 5 of the Dungeon
   842 | D:5      | Noticed Menkaure
   842 | D:5      | Noticed a wight
   842 | D:5      | Noticed a wight
   842 | D:5      | Noticed a wight
   842 | D:5      | Noticed a wight
   855 | D:4      | Killed a wight
   856 | D:4      | Reached XP level 5. HP: 36/41 MP: 6/6
   900 | D:4      | Killed Duvessa
   901 | D:4      | Reached skill level 7 in Maces & Flails
   901 | D:4      | Reached XP level 6. HP: 9/48 MP: 7/7
   915 | D:4      | Killed Dowan
   961 | D:4      | Reached XP level 7. HP: 54/55 MP: 8/8
  1095 | D:5      | Reached skill level 8 in Maces & Flails
  1107 | D:5      | Reached skill level 5 in Armour
  1157 | D:4      | Slain by a wight

Illustrated notes

Levels and vault maps discovered:
D:1:      scummos_arrival_simple_crosswalls, layout_basic, minmay_tromino_v7
D:2:      layout_loops_corners, minivault_26, minivault_25, kennysheep_boxes
D:3:      layout_basic, kennysheep_generic_room_9
D:4:      layout_basic, uniq_duvessa
D:5:      layout_rooms, minmay_temple_entry_crystal_x, serial_shops, shop,
          nicolae_shop_advertising_works [nicolae_subvault_shop_adworks],
          serial_bayou_pond_a, kennysheep_small_square, uniq_menkaure

Skill      XL: |  1  2  3  4  5  6  7 |
---------------+----------------------+-----
Maces & Flails | 5 6 7 8 |  8.5
Armour         | 2 3 4 5 |  5.0
Fighting       | |  2.1
Throwing       | |  2.4
Dodging        | |  3.6

Action                     |  1- 3 |  4- 6 |  7- 9 || total
---------------------------+-------+-------+-------++-------
  Melee: Flail             |    78 |    49 |    50 ||   177
         Punch             |       |     2 |     2 ||     4
  Throw: Throwing net      |       |     3 |       ||     3
    Use: Scroll            |       |     2 |     5 ||     7
         Potion            |       |     1 |       ||     1
   Stab: Held in net/web   |       |     1 |       ||     1
 Armour: Leather armour    |    47 |       |       ||    47
         Ring mail         |       |    17 |    20 ||    37
  Dodge: Dodged            |    68 |    29 |    19 ||   116

Table legend: (Time is in decaauts)
 A = Elapsed time spent in this place.
 B = Non-inter-level travel time spent in this place.
 C = Inter-level travel time spent in this place.
 D = Time resting spent in this place.
 E = Time spent auto-exploring this place.
 F = Levels seen in this place.
 G = Mean time per level.
                   A        B        C        D        E       F      G
               +--------+--------+--------+--------+--------+-----+--------+
         Total |   1171 |   1171 |      0 |      0 |      0 |   5 |  234.2 |
       Dungeon |   1171 |   1171 |      0 |      0 |      0 |   5 |  234.2 |
               +--------+--------+--------+--------+--------+-----+--------+

Top non-repeatable levels by time:
     D:4: 349 daAuts
     D:1: 342 daAuts
     D:2: 207 daAuts
     D:3: 187 daAuts
     D:5: 84 daAuts
